 Dungeon Crawl Stone Soup version 0.21.1-1-g345015fe64 (webtiles) character file.

4255 Johazar the Cleaver (level 10, -7/96 HPs)
             Began as a Hill Orc Fighter on June 12, 2018.
             Was an Elder of Okawaru.
             Mangled by a yak (17 damage)
             ... on level 8 of the Dungeon on June 20, 2018.
             The game lasted 00:24:22 (7980 turns).

Johazar the Cleaver (Hill Orc Fighter)              Turns: 7980, Time: 00:24:22

Health: -7/96      AC:  1    Str: 24    XL:     10   Next: 31%
Magic:  10/10      EV:  8    Int:  8    God:    Okawaru [****..]
Gold:   388        SH:  0    Dex: 13    Spells: 9/9 levels left

rFire    + . .     SeeInvis .   L - +4 battleaxe
rCold    + . .     Gourm    +   (shield currently unavailable)
rNeg     . . .     Faith    .   F - +0 steam dragon scales
rPois    .         Spirit   .   u - +0 helmet
rElec    .         Reflect  .   y - scarf {rC+ rF+}
rCorr    .         Harm     .   (no gloves)
MR       .....                  n - +1 pair of boots
Stlth    +.........             v - amulet of the gourmand
HPRegen  0.26/turn              H - +4 ring of strength (curse)
MPRegen  0.12/turn              x - -3 ring of evasion (curse)

@: corroded, hasted, very quick
A: no striking features
a: Heroism, Renounce Religion


You were on level 8 of the Dungeon.
You worshipped Okawaru.
Okawaru was greatly pleased with you.
You were very full.

You visited 1 branch of the dungeon, and saw 9 of its levels.

You collected 388 gold pieces.

Inventory:

Hand Weapons
 a - a +1 war axe
 L - a +4 battleaxe (weapon)
Armour
 b - a +0 scale mail
 c - a +0 shield
 n - a +1 pair of boots (worn)
 o - a +0 chain mail
 u - a +0 helmet (worn)
 y - a scarf of resistance (worn)
 A - a +0 hat
 F - +0 steam dragon scales (worn)
Jewellery
 r - an uncursed ring of see invisible
 v - an amulet of the gourmand (around neck)
 x - a cursed -3 ring of evasion (right hand)
 H - a cursed +4 ring of strength (left hand)
Wands
 p - a wand of disintegration (10)
Scrolls
 d - a scroll of enchant armour
 h - 3 scrolls of teleportation
 j - 5 scrolls of identify
 z - a scroll of enchant weapon
 C - a scroll of remove curse
 D - a scroll of noise {unknown}
 I - a scroll of fog {unknown}
 J - a scroll of vulnerability {unknown}
Potions
 e - 3 potions of brilliance
 g - a potion of curing
 i - 2 potions of haste
 k - a potion of magic {unknown}
 l - 2 potions of lignification {unknown}
 m - 2 potions of degeneration {unknown}
 q - a potion of agility {unknown}
 s - a potion of cancellation {unknown}
 w - 2 potions of mutation {unknown}
 B - a potion of ambrosia {unknown}
 E - 2 potions of might
 G - a potion of invisibility {unknown}
Books
 t - a book of Cantrips

   Spells                             Type                      Level
   a - Confusing Touch                Hexes                        1
   b - Animate Skeleton               Necromancy                   1
   c - Summon Small Mammal            Summoning                    1
   d - Apportation                    Translocation                1
Comestibles
 f - 18 rations


   Skills:
 + Level 11.6 Fighting
 - Level 14.2 Axes
 - Level 3.2 Armour
 - Level 3.2 Shields


You had 9 spell levels left.
You didn't know any spells.

Dungeon Overview and Level Annotations

Branches:
Dungeon (9/15)             Temple (0/1) D:6
   Lair: D:8-11         Orc: D:9-12

Altars:
Ashenzari
Cheibriados
Dithmenos
Elyvilon
Fedhas
Gozag
Makhleb
Okawaru
Ru
Vehumet
Zin
The Shining One

Shops:
D:4 (   D:7 ?


Message History

* * * LOW HITPOINT WARNING * * *
You slash the jelly!
You kill the jelly!
Okawaru accepts your kill.
You feel better. The yak gores you.
* * * LOW HITPOINT WARNING * * *
You slash the yak!
The yak is moderately wounded.
The yak gores you.
* * * LOW HITPOINT WARNING * * *
You hit the yak.
The yak is moderately wounded.
The yak gores you!
* * * LOW HITPOINT WARNING * * *
You feel better. The yak gores you!
* * * LOW HITPOINT WARNING * * *
You feel better. The yak gores you.
* * * LOW HITPOINT WARNING * * *
You feel yourself speed up. The yak gores you!
You die...

### #.# #.# #.#
#########.######
#.............##
#.#######.######
####.#######.######
#.@YY.............#
####...######..##.#
#...# ##.##.#
#...#######..#.#
#...'...........
#...########..[.
#...# ##.## #####
#.## #...


You could see 2 yaks.

Vanquished Creatures
  A hornet (D:8)
  A hippogriff (D:7)
  Sigmund (D:4)
  A yak (D:8)
  A steam dragon (D:7)
  A soldier ant (D:8)
  An ice beast (D:8)
  2 orc warriors
  2 phantoms
  Purgy (D:3)
  2 black bears
  A sky beast (D:8)
  2 ogres
  2 necrophages
  6 bullfrogs
  A water moccasin zombie (D:6)
  2 scorpions
  A water moccasin skeleton (D:8)
  3 wights (D:8)
  4 killer bees (D:7)
  3 howler monkeys
  4 crimson imps
  4 jellies
  3 hounds
  2 orc priests
  2 centaur skeletons
  4 orc wizards
  A bullfrog skeleton (D:7)
  An iguana (D:5)
  8 worker ants
  Terence (D:3)
  3 hound skeletons
  Robin (D:3)
  4 gnolls (D:2)
  2 worker ant zombies
  4 adders
  An ooze (D:7)
  3 worms
  2 dart slugs
  9 leopard geckos
  33 orcs
  2 ball pythons (D:2)
  8 bats
  6 giant cockroaches
  18 goblins
  4 hobgoblins
  18 jackals
  3 quokkas
  6 frilled lizards
  A jackal zombie (D:5)
  9 kobolds
  A quokka skeleton (D:7)
  4 rats
211 creatures vanquished.

Notes
Turn   | Place    | Note
-------+----------+-------------------------------------------
     0 | D:1      | Johazar the Hill Orc Fighter began the quest for the Orb.
     0 | D:1      | Reached XP level 1. HP: 19/19 MP: 1/1
    18 | D:1      | Reached skill level 3 in Axes
   110 | D:1      | Reached XP level 2. HP: 19/26 MP: 2/2
   152 | D:1      | Reached skill level 4 in Axes
   360 | D:1      | Reached XP level 3. HP: 20/31 MP: 3/3
   865 | D:2      | Reached skill level 5 in Axes
  1265 | D:2      | Reached XP level 4. HP: 20/39 MP: 4/4
  1426 | D:2      | Reached skill level 6 in Axes
  1787 | D:2      | Reached XP level 5. HP: 39/45 MP: 5/5
  1941 | D:2      | Noticed a black bear
  1952 | D:2      | Killed a black bear
  1952 | D:2      | Reached skill level 7 in Axes
  2049 | D:3      | Noticed Purgy
  2080 | D:3      | Reached skill level 8 in Axes
  2080 | D:3      | Reached XP level 6. HP: 36/51 MP: 6/6
  2101 | D:3      | Noticed Terence
  2101 | D:3      | Killed Purgy
  2108 | D:3      | Killed Terence
  2432 | D:3      | Noticed Robin
  2441 | D:3      | Killed Robin
  2441 | D:3      | Reached skill level 9 in Axes
  2676 | D:3      | Found a radiant altar of Vehumet.
  2677 | D:3      | Found a snail-covered altar of Cheibriados.
  2679 | D:3      | Found an iron altar of Okawaru.
  2679 | D:3      | Found an opulent altar of Gozag.
  2680 | D:3      | Found a sacrificial altar of Ru.
  2680 | D:3      | Found a blossoming altar of Fedhas.
  2681 | D:3      | Found a shattered altar of Ashenzari.
  2694 | D:3      | Became a worshipper of Warmaster Okawaru
  2839 | D:4      | Reached XP level 7. HP: 54/57 MP: 7/7
  2866 | D:4      | Noticed Sigmund
  2884 | D:4      | Reached skill level 10 in Axes
  2893 | D:4      | Killed Sigmund
  2893 | D:4      | Reached * piety under Okawaru
  2941 | D:4      | Reached skill level 11 in Axes
  3101 | D:4      | Found Vupsoh's Weapon Shop.
  3162 | D:4      | Reached XP level 8. HP: 64/64 MP: 8/8
  3533 | D:5      | Entered Level 5 of the Dungeon
  3588 | D:5      | Reached skill level 12 in Axes
  3636 | D:5      | Reached ** piety under Okawaru
  3980 | D:5      | Found a burning altar of Makhleb.
  3986 | D:5      | Found a shadowy altar of Dithmenos.
  4497 | D:6      | Reached skill level 13 in Axes
  4517 | D:6      | Found a staircase to the Ecumenical Temple.
  4769 | D:6      | Reached skill level 14 in Axes
  4769 | D:6      | Reached XP level 9. HP: 42/70 MP: 9/9
  4950 | D:6      | Reached *** piety under Okawaru
  5085 | D:6      | Reached skill level 5 in Fighting
  6148 | D:7      | Found Itwumac's Magic Scroll Shoppe.
  6561 | D:8      | Reached **** piety under Okawaru
  6855 | D:8      | Reached skill level 10 in Fighting
  6859 | D:8      | Reached XP level 10. HP: 55/90 MP: 10/10
  7028 | D:8      | Found a white marble altar of Elyvilon.
  7029 | D:8      | Found a glowing golden altar of the Shining One.
  7030 | D:8      | Found a glowing silver altar of Zin.
  7465 | D:8      | Paralysed by a hornet for 2 turns
  7977 | D:8      | HP: 4/96 [yak (14)]
  7980 | D:8      | Mangled by a yak

Skill      XL: |  1  2  3  4  5  6  7  8  9 10 |
---------------+-------------------------------+-----
Axes           | 3 4 5 6 8 9 11 14 | 14.2
Fighting       | 10 11 | 11.6
Armour         | |  3.2
Shields        | |  3.2

Action                   |  1- 3 |  4- 6 |  7- 9 | 10-12 || total
-------------------------+-------+-------+-------+-------++-------
Melee: War axe           |   127 |   194 |   399 |    42 ||   762
       Battleaxe         |       |       |       |    33 ||    33
Invok: Heroism           |       |       |       |     1 ||     1
  Use: Scroll            |       |     8 |     3 |       ||    11
       Potion            |       |     1 |     1 |     5 ||     7
 Stab: Distracted        |       |       |     1 |       ||     1
       Sleeping          |       |       |       |     1 ||     1
  Eat: Chunk             |     1 |     6 |    23 |     2 ||    32
Armor: Scale mail        |    49 |       |       |       ||    49
       Chain mail        |    40 |   122 |   134 |       ||   296
       Steam dragon scal |       |       |     8 |    25 ||    33
Dodge: Dodged            |    29 |    45 |    52 |    15 ||   141
Block: Shield            |    86 |   104 |   140 |    15 ||   345
